Cogmind - Beta 15 @@@ ROGUE MODE // 2025.05.07 @ 14:58:12 Player: gallo Result: Self-destructed Performance ------------- Evolutions (1) 500 Regions Visited (3) 600 Robots Destroyed (18) 90 Value Destroyed (347) 347 Prototype IDs (1) 20 Alien Tech Used (0) 0 Bonus (0) 0 TOTAL SCORE: 1557 Bonus ------- None Cogmind --------- Core Integrity 328/400 Matter 290/300 Energy 8/100 System Corruption 0% Temperature Cool (0) Movement Rolling (95) Ox1 Location -9/Materials Parts ------- > --- POWER (1) -------- (None) > --- PROPULSION (2) --- Wheel > --- UTILITY (4) ------ Small Storage Unit Sensor Array Improved Terrain Scanner > --- WEAPON (2) ------- Heavy EM Pulse Gun Shotgun > --- INVENTORY (8) ---- Decoy Drone Bay (0/16) Light Assault Rifle Light Assault Rifle Light Assault Rifle Autogun Grenade Launcher Datajack Peak State ------------ > --- POWER ------------ Ion Engine > --- PROPULSION ------- Wheel Compact Wheel > --- UTILITY ---------- Small Storage Unit Improved Terrain Scanner Decoy Drone Bay > --- WEAPON ----------- Light Assault Rifle Light Assault Rifle > --- INVENTORY -------- Sensor Array Shock Absorption System Light Assault Rifle Autogun Grenade Launcher Datajack [Rating: 24] Favorites ----------- Power Ion Engine Engine Ion Engine Propulsion Compact Wheel Leg Aluminum Leg Wheel Compact Wheel Utility Small Storage Unit Device Improved Terrain Scanner Storage Small Storage Unit Weapon Light Assault Rifle Energy Gun EM Pulse Gun Ballistic Gun Light Assault Rifle Build | -11 -10 -10 -9 ------- Run | Yrd Mat Min Mat Slots Evolved 2 | . . . 2 Power . | . . . . Propulsion . | . . . . Utility 2 | . . . 2 Weapon . | . . . . Parts Attached 20 | 7 5 . 8 Power 2 | 1 1 . . Engine 2 | 1 1 . . Core . | . . . . Reactor . | . . . . Propulsion 5 | 2 2 . 1 Treads . | . . . . Leg 2 | 2 . . . Wheel 3 | . 2 . 1 Hover . | . . . . Flight . | . . . . Utility 6 | 2 1 . 3 Device 5 | 1 1 . 3 Storage 1 | 1 . . . Processor . | . . . . Hackware . | . . . . Protection . | . . . . Artifact . | . . . . Weapon 7 | 2 1 . 4 Energy Gun 2 | . 1 . 1 Energy Cannon . | . . . . Ballistic Gun 5 | 2 . . 3 Ballistic Cannon . | . . . . Launcher . | . . . . Special Weapon . | . . . . Impact Weapon . | . . . . Slashing Weapon . | . . . . Piercing Weapon . | . . . . Special Melee Weapon . | . . . . Unidentified Prototypes 1 | . . . 1 Parts Lost 5 | . 1 . 4 Power 1 | . . . 1 Propulsion 2 | . . . 2 Utility 1 | . 1 . . Weapon 1 | . . . 1 Highest Loss Streak 2 | . 1 . 2 To Critical Strikes 1 | . . . 1 Average Backups 5 | 2 6 6 5 Power . | . 1 . . Propulsion 1 | 1 2 . . Utility . | . . 1 1 Weapon 2 | . 2 3 3 Tool/Special . | . . . . Unused Backups 4 | . . 2 2 Power . | . . . . Propulsion 1 | . . 1 . Utility 1 | . . 1 . Weapon 1 | . . . 1 Tool/Special 1 | . . . 1 Average Slot Usage (%) 95 | . 99 100 89 Engine 12 | . 14 14 10 Leg 7 | . 18 . . Wheel 18 | . 9 28 21 Device 18 | . 13 14 26 Storage 12 | . 14 14 11 Energy Gun 10 | . 13 14 5 Ballistic Gun 14 | . 14 14 14 Peak Build Rating 24 | 9 9 11 24 Average Rating 12 | 5 8 9 20 On Entrance 7 | . 9 9 11 Naked Turns . | . . . . Heaviest Build 28 | 13 14 14 28 Greatest Support 26 | 20 26 26 26 Greatest Overweight (x) 1 | . . . 1 Average Overweight (x) . | . . . . Largest Inventory Capacity 8 | 8 8 8 8 Average Capacity 7 | 6 8 8 8 Most Carried 8 | 5 8 8 8 Average Carried 6 | 2 6 7 6 Final Capacity 8 | 8 8 8 8 Final Carried 8 | 5 8 7 8 Class Distribution -------------------- 100% | Mutant Dominant Class ---------------- Mutant | -10/Materials Mutant | -10/Mines Mutant | -9/Materials Resources | -11 -10 -10 -9 ----------- Run | Yrd Mat Min Mat Matter Collected 689 | 160 196 221 112 Remotely . | . . . . Salvage Created 487 | 51 232 . 204 Parts 35 | 5 10 . 20 Haulers Intercepted . | . . . . Recyclers Shooed 4 | 1 . . 3 Parts Field Recycled . | . . . . Retrieved Matter . | . . . . Parts Self-Destructed . | . . . . Prevented . | . . . . Kills | -11 -10 -10 -9 ------- Run | Yrd Mat Min Mat Combat Hostiles Destroyed 11 | . 7 . 4 Guns 11 | . 7 . 4 Classes Destroyed 6 | 1 3 . 2 Builder 2 | . . . 2 Tunneler 2 | 2 . . . Watcher 3 | . 1 . 2 Swarmer 5 | . 3 . 2 Grunt 5 | . 4 . 1 Sentry 1 | . . . 1 Best Kill Streak 4 | 2 4 . 3 Combat Bots Only 4 | . 4 . 2 Max Kills in Single Turn 2 | 2 1 . 2 Gunslinging . | . . . . Exploded . | . . . . Melee . | . . . . Uniques/NPCs Destroyed . | . . . . Combat | -11 -10 -10 -9 -------- Run | Yrd Mat Min Mat Hostile Shots Fired 85 | . 54 . 31 Missed 19 | . 14 . 5 Hits 66 | . 40 . 26 Projectile 66 | . 40 . 26 Critical Strikes 2 | . . . 2 Damage Taken 680 | . 361 . 319 Core 164 | . 92 . 72 Absorbed by Shields . | . . . . Core Remaining (%) 81 | 100 . 63 . Volleys Fired 71 | 12 28 . 31 Largest 2 | 2 2 . 2 Hottest 68 | 40 60 . 68 Shots Fired 133 | 24 56 . 53 Gun 133 | 24 56 . 53 Cannon . | . . . . Launcher . | . . . . Special . | . . . . Kinetic 96 | 24 28 . 44 Thermal . | . . . . Explosive . | . . . . Electromagnetic 37 | . 28 . 9 Robot Hit Streak 11 | 6 4 . 11 Robot Miss Streak 4 | 2 4 . 3 Penetration Max . | . . . . Secondary Targets . | . . . . Shots Hit Robots 75 | 17 27 . 31 Core Hits 32 | 5 13 . 14 Critical Kills . | . . . . Critical Parts Destroyed . | . . . . Critical Strikes 1 | . 1 . . Corrupt 1 | . 1 . . Melee Attacks . | . . . . Impact . | . . . . Slashing . | . . . . Piercing . | . . . . Sneak Attacks . | . . . . Combat Hostiles . | . . . . Follow-up Attacks . | . . . . Damage Inflicted 831 | 127 321 . 383 Guns 777 | 127 321 . 329 Cannons . | . . . . Explosions . | . . . . Melee . | . . . . Ramming 54 | . . . 54 Kinetic 493 | 127 117 . 249 Thermal . | . . . . Explosive . | . . . . Electromagnetic 284 | . 204 . 80 Impact . | . . . . Slashing . | . . . . Piercing . | . . . . Highest Corruption . | . . . . Average Corruption . | . . . . Corruption Purged . | . . . . Corruption Blocked . | . . . . Overload Shots . | . . . . Overflow Damage . | . . . . Projectiles . | . . . . Explosions . | . . . . Melee . | . . . . Knockbacks . | . . . . Impact . | . . . . Kinetic . | . . . . Secondary . | . . . . Self-Inflicted Damage 25 | . . . 25 Shots . | . . . . Rammed 5 | . . . 5 Targets Rammed 5 | . . . 5 Kicked . | . . . . Crushed . | . . . . Highest Temperature 64 | . 64 . 24 Average Temperature 27 | . 30 . 7 Received Heat Transfer 153 | . 84 . 69 Siege Activations . | . . . . Martial Activations . | . . . . Shielding Activations . | . . . . Robots Disrupted . | . . . . Combat Hostiles . | . . . . Robots Corrupted . | . . . . Combat Hostiles . | . . . . Parts Fried . | . . . . Impact Corruptions . | . . . . Robots Melted . | . . . . Combat Hostiles . | . . . . Parts Melted . | . . . . Heat Transferred . | . . . . Parts Sabotaged . | . . . . Parts Stolen . | . . . . Parts Stripped . | . . . . Power Chain Reactions . | . . . . Alert | -11 -10 -10 -9 ------- Run | Yrd Mat Min Mat Maximum Alert Level . | . . . . Low Security (%) 100 | 100 100 100 100 Level 1 . | . . . . Level 2 . | . . . . Level 3 . | . . . . Level 4 . | . . . . Level 5 . | . . . . High Security . | . . . . Max Security . | . . . . Peak Influence 120 | 10 120 36 50 Initial 36 | . . 36 . Average 18 | 1 44 6 4 Influence Increases 397 | 10 252 . 135 Destroy 0b10 Robot/C 220 | . 140 . 80 Destroy 0b10 Robot/NC 35 | 10 5 . 20 Destroy Leader 56 | . 32 . 24 Successful Hack 41 | . 30 . 11 Disable Machine 15 | . 15 . . Lose Combat Pursuer 30 | . 30 . . Influence Decreases 357 | 10 159 93 95 Entered New Map 57 | . . 57 . Time Decay 268 | 10 149 36 73 Lost Part 22 | . 10 . 12 Lost Ally 10 | . . . 10 Squads Dispatched 2 | . 2 . . Investigation 1 | . 1 . . Extermination . | . . . . Reinforcement 1 | . 1 . . Assault . | . . . . Garrison . | . . . . Intercept . | . . . . Searches Triggered . | . . . . Construction Impeded . | . . . . Haulers Reinforced . | . . . . Active Scanning Responses . | . . . . Cargo Convoy Interrupts . | . . . . Stealth | -11 -10 -10 -9 --------- Run | Yrd Mat Min Mat Distress Signals 2 | . . . 2 Communications Jammed . | . . . . Distress Signals . | . . . . Times Spotted 35 | . 11 6 18 Peak Tracking Total 10 | . 5 10 8 Tactical Retreats 2 | . 2 . . Traps | -11 -10 -10 -9 ------- Run | Yrd Mat Min Mat Traps Triggered 1 | . 1 . . Indirectly . | . . . . Trap Hack Attempts . | . . . . Triggered . | . . . . Disarmed . | . . . . Reprogrammed . | . . . . Reused . | . . . . Traps Extracted . | . . . . Installed . | . . . . Triggered . | . . . . Machines | -11 -10 -10 -9 ---------- Run | Yrd Mat Min Mat Machines Disabled 1 | . 1 . . Max in Single Turn 1 | . 1 . . Machines Repaired . | . . . . Machines Dismantled . | . . . . Machines Sabotaged . | . . . . Overloaded Fab Kills . | . . . . Hacking | -11 -10 -10 -9 --------- Run | Yrd Mat Min Mat Machines Accessed 7 | . 3 1 3 Terminals 5 | . 3 . 2 Fabricators . | . . . . Repair Stations . | . . . . Recycling Units . | . . . . Scanalyzers 1 | . . . 1 Garrison Access . | . . . . Total Hacks 16 | . 10 1 5 Successful 9 | . 5 1 3 Failed 7 | . 5 . 2 Catastrophic 2 | . 2 . . Database Lockouts . | . . . . Manual 18 | . 13 . 5 Terminals 14 | . 10 . 4 Fabricators . | . . . . Repair Stations . | . . . . Recycling Units . | . . . . Scanalyzers 1 | . . . 1 Garrison Access . | . . . . Terminal Hacks 4 | . 2 1 1 Open Door 1 | . . 1 . Fabricator Index 2 | . 1 . 1 Zone Layout 1 | . 1 . . Fabricator Hacks . | . . . . Repair Station Hacks . | . . . . Recycling Unit Hacks . | . . . . Scanalyzer . | . . . . Garrison Access Hacks . | . . . . Unauthorized Hacks 5 | . 3 . 2 Terminals 5 | . 3 . 2 Botnet 5 | . 3 . 2 Fabricators . | . . . . Repair Stations . | . . . . Recycling Units . | . . . . Scanalyzers . | . . . . Garrison Access . | . . . . Data Cores Recovered . | . . . . Used . | . . . . Hacking Detections 5 | . 3 . 2 Full Trace Events 1 | . 1 . . Feedback Events . | . . . . Feedback Blocked . | . . . . Robot Schematics Acquired . | . . . . Robots Built . | . . . . Authchips . | . . . . Time . | . . . . Total Robot Build Rating . | . . . . Part Schematics Acquired . | . . . . Parts Built . | . . . . Authchips . | . . . . Time . | . . . . Total Part Build Rating . | . . . . Parts Repaired . | . . . . Time . | . . . . Parts Recycled . | . . . . Recycled Matter . | . . . . Retrieved Matter . | . . . . Retrieved Components . | . . . . Parts Scanalyzed . | . . . . Part Schematics Acquired . | . . . . Parts Damaged . | . . . . Bothacking | -11 -10 -10 -9 ------------ Run | Yrd Mat Min Mat Used RIF Installer . | . . . . Robots Hacked . | . . . . Non-combat . | . . . . Combat . | . . . . Robot Hacks Applied . | . . . . Relay Couplers Released . | . . . . Fabnet Peak Effective % . | . . . . Robots Rewired . | . . . . Allies Hacked . | . . . . Hacks Repelled . | . . . . Allies | -11 -10 -10 -9 -------- Run | Yrd Mat Min Mat Total Allies . | . . . . Largest Group . | . . . . Highest-Rated Group . | . . . . Highest-Rated Ally . | . . . . Total Orders 1 | . . . 1 EXPLORE 1 | . . . 1 Ally Attacks . | . . . . Total Damage . | . . . . Kills . | . . . . Allies Corrupted . | . . . . Allies Melted . | . . . . Intel | -11 -10 -10 -9 ------- Run | Yrd Mat Min Mat Active Infowar (turns) 1134 | 20 437 248 429 Sensors 207 | . . . 207 Terrain 1134 | 20 437 248 429 Robot Analysis Total . | . . . . Derelict Logs Recovered 1 | . . 1 . Drone Launches 16 | . . . 16 Drone Recoveries . | . . . . Exploration | -11 -10 -10 -9 ------------- Run | Yrd Mat Min Mat Turns Passed 1250 | 128 445 248 429 Spaces Moved 874 | 74 283 271 246 Core 10 | 10 . . . Treads . | . . . . Legs 203 | 64 139 . . Wheels 661 | . 144 271 246 Hover . | . . . . Flight . | . . . . Fastest Speed 50 | 50 90 90 90 Average Speed 98 | 110 104 90 95 Slowest Speed 120 | 120 120 90 115 Overloaded Moves . | . . . . Propulsion Burnouts . | . . . . Robots Hopped . | . . . . Potential Cave-ins . | . . . . Cave-ins Triggered . | . . . . Exploration Rate (%) 37 | 4 52 57 35 Regions Visited 3 Branch Regions 1 Pre-discovered Areas . | . . . . Known Exits Taken . | . . . . Unknown Exits Taken 3 | 1 1 1 . Scrap Searched 1 | . . 1 . Spaces Dug . | . . . . Terrain Destroyed . | . . . . Melee . | . . . . Projectile . | . . . . AOE . | . . . . Terrain Rammed . | . . . . Walls Destroyed . | . . . . Machines Disabled . | . . . . Actions | -11 -10 -10 -9 --------- Run | Yrd Mat Min Mat Total 1145 | 97 379 276 393 Wait 153 | . 57 . 96 Move 871 | 73 282 270 246 Hop . | . . . . Pick Up 16 | 5 5 2 4 Fast Attach 9 | 7 . . 2 Attach 4 | . 1 . 3 Detach 1 | . . . 1 Swap 8 | . 5 . 3 Drop 7 | . 1 4 2 Fire 71 | 12 28 . 31 Melee . | . . . . Ram 5 | . . . 5 Kick . | . . . . Crush . | . . . . Escape Stasis . | . . . . Rewire . | . . . . Trap . | . . . . Miscellaneous . | . . . . Route ------- -11/Scrapyard -10/Materials (discovered 3 exits: *Mat x2 / *Min) -10/Mines -9/Materials (discovered 1 exit: [*Min]) History --------- Turn | Location | Event 3 | -11/Scrapyard | Discovered new exit (range 16) 129 | -11/Scrapyard | Entered Materials 221 | -10/Materials | Discovered new exit (range 16) 305 | -10/Materials | Build established: Mutant 519 | -10/Materials | Discovered new exit (range 4) 526 | -10/Materials | Discovered new exit (range 15) 574 | -10/Materials | Entered Mines 578 | -10/Mines | Met a Derelict bent on vengeance 606 | -10/Mines | Assembled infested the area 702 | -10/Mines | Discovered new exit (range 7) 712 | -10/Mines | Learned Materials non-interactive machine intel 754 | -10/Mines | Found the Drone Emporium 764 | -10/Mines | Found Prototype Device 822 | -10/Mines | Entered Materials 822 | -9/Materials | Evolved 2 slots: Utility x2 823 | -9/Materials | Loaded intel: 29 non-interactive machine locations 823 | -9/Materials | Identified Decoy Drone Bay 851 | -9/Materials | Discovered new exit (range 49) 1251 | -9/Materials | Self-destructed Last Messages --------------- 01199_ Acquired 3 matter. 01202_ Connecting with Terminal... >>Trojan(Botnet) Trojan loaded successfully. Testing... Terminal linked with 1 system. Awaiting botnet instructions. >>Index(Fabricators) No fabricators found. 01202_ Connecting with Terminal... 01227_ W-16 Scout sends out distress signal. 01228_ W-16 Scout destroyed. 01232_ C-30 ARC bursts open, deploying its payload. 01232_ S-10 Pest unfolds itself. 01238_ Dropped Shock Absorption System. 01242_ Critical hit (Destroy). 01242_ Ion Engine destroyed. 01247_ S-10 Pest destroyed. 01249_ Com. Wheel destroyed. Map ----- +----------------------------------------------------+ | ???????????????????????????????"""???????????????? | | ??????????????????????????????"""""??????????????? | | ??????????????????????????????"""""??????????????? | | ??????????????????????????????"""""??????????????? | | ???????????????????????????????"""???????????????? | | ?????????????????????????????????????????????????? | | ?????????????????????????????????????????????????? | | ?????????????????????????????????????????????????? | | ?????????????????????????????????????????????????? | | ?????????????????????????????????????????????????? | | ?????????????????????????????????????????????????? | | ####???#??#??????????????????????????????????????? | | #?????????????????????????????????????????????? | | !##????????????????????????????????????????????? | | ##????????????????????????????????????????????? | | [ #??###################????????????????????????? | | #? ## #????"""?????????????????? | | ##### #? #???"""""????????????????? | | + #? #???"""""????????????????? | | ### # #?? ? #???"""""????????????????? | | ?##%###########?? #????"""?????????????????? | | ??# # #???? #???????????????????"""??? | | ?## # #???? #?#?????????????????"""??? | | ###+# #????? #######?????????????"""??? | | # === #?????? # #??????????????????? | | """ # === #######?####@ ! #??#???????????????? | | """ # == # %=[?ss #??????????????????? | | """ # # ! ###"" #?????????????"""??? | | # + #?#"T #???????? ????"""??? | | # # ######?#"" #?????????????"""??? | | ! ########## ##??##?# #??????????????????? | | ############# #######+######????????????"""??? | | ### #????????????"""??? | | T #????????????"""??? | | ### !% % +? ???????????????? | | # ####+## ##### % #?????????????????? | | # ## ####+####??# #### ##????????????????? | | # ## #? ????????# #""" #????????????????? | | + ## = # ?????????# #" % #????????????????? | | " # ##! #??????? ??# #"! #????????????????? | | " ## ## ! # ?"""????? ?#"" < #????????????????? | | " ## ## #?"""""? ?##?#"| #????????????????? | | ## + #?"""""??????#" ########?????????? | | #########+##?"""""??????#""" # ]]] #?????????? | | #?#?????# #???""" ??#???#### ## ]]] #???####### | | ?#??????# #?? ???????#?????# ## ]]] #???# | | ??#######%#####+#??????????# ##! ????# | | ### "T" #??????????# ## ?????# ? | | # ##### #?#???????## ## ??????# #?? | | # #???# ##????????# ##/######### #?? | +----------------------------------------------------+ Best States ------------- Heat Dissipation 28 Energy Generation 10 Energy Capacity 250 Matter Stores 300 Matter Capacity 300 Sight Range 16 Robot Scan Range 14 Terrain Scan Range 16 Terrain Scan Density 10 Resistance: EX 25 Evasion (%) 55 Item Schematics ----------------- None Robot Schematics ------------------ None Fabricated ------------ Nothing Repaired ---------- Nothing Alien Tech Used ----------------- None Achievements -------------- I Survived The Infestation Quantum Hacking Slippery One Challenges ------------ None Game ------ Seed WeightStructuralSystem Manual? 0 Play Time 00:11:03 Cumulative 10.0 hours Start 2025.05.07 @ 00:02:47 End 2025.05.07 @ 14:58:12 Sessions 3 Manual Loads 0 Difficulty Rogue Special Mode None Game No. 41 Rogue 41 Adventurer 0 Explorer 0 Win Type - Total 0 Types 0/0/0/0/0/0/0/0/0/0 Lore% 4 Gallery% 14 Achievement% 14 Wizard Run 0 Options --------- Layout 1 ASCII 0 Keyboard 1 Movement Numpad Keybinds 0 Fullscreen 1 Font 24/Smallcaps Map View 50x35 Zoom Use 0% Tactical HUD 1 Map Filters NONE Filters NONE Steam 1 RUN: fc7c54d4-158f-4aa5-bc19-c6852556a33e